 Dungeon Crawl Stone Soup version 0.32-a0-485-g70f7560b1c (webtiles) character file.

Game seed: 5323882195144389743

7883 ezpacito the Trooper (level 11, -31/96 HPs)
             Began as a Demonspawn Chaos Knight on Feb 26, 2024.
             Was a Plaything of Xom.
             Annihilated by a very large slime creature (50 damage)
             ... on level 9 of the Dungeon.
             The game lasted 00:13:42 (7248 turns).

ezpacito the Trooper (Demonspawn Chaos Knight)      Turns: 7248, Time: 00:13:43

Health: -31/96     AC: 24    Str: 19    XL:     11   Next: 2%
Magic:  19/19      EV: 16    Int: 20    God:    Xom [..*...]
Gold:   524        SH:  0    Dex: 16    Spells: 2/21 levels left

rFire   x . .        i - +9 demon trident "Uqesetzawk" {drain, Int+3 Dex+5 SInv}
rCold   + + .        s - +0 buckler
rNeg    . . .        F - +3 ice dragon scales of Tittoim {rF- rC++ Str+3 Slay+5}
rPois   .            (helmet restricted)
rElec   .            D - +0 cloak
rCorr   .            (no gloves)
SInv    +            n - +1 pair of boots {Fly}
Will    .....        r - amulet of regeneration Stlth
                     z - +5 ring of evasion
HPRegen 1.16/turn    x - +4 ring of protection
MPRegen 0.16/turn

%: no passive effects
@: confused, ambrosia-drunk, flying
A: horns 2, rugged brown scales 2, demonic magic 1, clever 1, robust 1
a: Renounce Religion


You were on level 9 of the Dungeon.
You worshipped Xom.
You were a toy of Xom.
You visited 1 branch of the dungeon, and saw 9 of its levels.
You also visited: Sewer and Bailey.

You collected 713 gold pieces.
You spent 189 gold pieces at shops.

Inventory:

Hand Weapons
 a - a +0 hand axe of chaos
 d - a +4 battleaxe of flaming
 i - the +9 demon trident "Uqesetzawk" (weapon) {drain, Int+3 Dex+5 SInv}
   (You acquired it on level 5 of the Dungeon)

   Int+3:     It affects your intelligence (+3).
   Dex+5:     It affects your dexterity (+5).
   SInv:      It lets you see invisible.
 k - the +4 quarterstaff of the Tiger {heavy, rC+ Str+3 Int+2}
   (You found it in a bailey)

   Str+3:     It affects your strength (+3).
   Int+2:     It affects your intelligence (+2).
   rC+:       It protects you from cold.
 A - the +4 spear of Trauma {venom, ^Contam rPois rCorr Stlth+}
   (You found it on level 4 of the Dungeon)

   rPois:     It protects you from poison ^Contam: It causes magical
   contamination when unequipped.
   rCorr:     It protects you from acid and corrosion.
   Stlth+:    It makes you more stealthy.
Missiles
 b - 20 poisoned darts
 j - a throwing net
 t - 5 boomerangs
 v - 3 javelins (quivered)
Armour
 m - a +2 chain mail of cold resistance
 n - a +1 pair of boots of flying (worn)
 s - a +0 buckler (worn)
 D - a +0 cloak (worn)
 F - the +3 ice dragon scales of Tittoim (worn) {rF- rC++ Str+3 Slay+5}
   (You found it in a bailey)

   Str+3:     It affects your strength (+3).
   Slay+5:    It affects your accuracy & damage with ranged weapons and melee
   (+5).
   rF-:       It makes you vulnerable to fire.
   rC++:      It greatly protects you from cold.
Jewellery
 r - an amulet of regeneration (around neck)
 x - a +4 ring of protection (right hand)
 y - a ring of willpower
 z - a +5 ring of evasion (left hand)
 B - an amulet of the acrobat
Talismans
 u - a blade talisman
Wands
 q - a wand of charming (16)
Scrolls
 c - 2 scrolls of identify
 e - 4 scrolls of amnesia
 f - 5 scrolls of teleportation
 g - 3 scrolls of poison
 h - a scroll of vulnerability
 C - 2 scrolls of enchant weapon
Potions
 l - a potion of curing
 p - 3 potions of mutation
 w - 5 potions of enlightenment
 E - a potion of brilliance


   Skills:
 * Level 7.0 Fighting
 * Level 6.3(6.8) Axes
 + Level 3.5(5.4) Polearms
 + Level 3.4 Throwing
 * Level 6.1 Armour
 + Level 4.4 Dodging
 + Level 4.0 Stealth
 + Level 2.8 Shields
 * Level 5.5 Unarmed Combat
 * Level 5.5 Spellcasting
 + Level 0.5 Conjurations
 + Level 0.5 Hexes
 + Level 0.4 Alchemy
 + Level 0.5 Evocations


You had 2 spell levels left.
You knew the following spells:

 Your Spells              Type           Power      Damage    Failure   Level
a - Magic Dart            Conj           28%        1d4       36%         1
b - Searing Ray           Conj           14%        2d5       50%         2
c - Tukima's Dance        Hex            7%         N/A       75%         3
d - Fulminant Prism       Conj/Alch      3%         3d5       98%         4
e - Passage of Golubria   Tloc           5%         N/A       99%         4
f - Yara's Violent Unrav  Hex/Alch       3%         3d4       100%        5

Your spell library contained the following spells:

 Spells                   Type           Power      Damage    Failure   Level


Dungeon Overview and Level Annotations

Branches:
Dungeon (9/15)             Temple (0/1) D:4           Sewer (visited)
 Bailey (visited)
   Lair: D:8-11         Orc: D:9-12

Altars:
Nemelex Xobeh
Uskayaw
Vehumet
Xom

Shops:
D:2 *   D:4 *


Innate Abilities, Weirdness & Mutations

You have a pair of horns on your head.
You are mostly covered in rugged brown scales. (AC +2, +5% HP)
Spells you cast may paralyse adjacent enemies.
Your mind is acute. (Int +4, Str/Dex -1)
You are robust. (+10% HP)


Message History

You puncture the large slime creature! You headbutt the large slime creature.
The large slime creature is heavily wounded.
The large slime creature hits you!!
Two slime creatures merge to form a very large slime creature.
You puncture the very large slime creature!
You headbutt the very large slime creature!
The very large slime creature is heavily wounded.
The very large slime creature hits you!!
You impale the very large slime creature!!
Your headbutt misses the very large slime creature.
The very large slime creature is heavily wounded.
The very large slime creature hits you!!!
* * * LOW HITPOINT WARNING * * *
You are too injured to fight recklessly!
You are too injured to fight recklessly!
You are too injured to fight recklessly!
You are too injured to fight recklessly!
You are too injured to fight recklessly!
You are too injured to fight recklessly!
You are too injured to fight recklessly!
You are too injured to fight recklessly!
You are too injured to fight recklessly!
You are too injured to fight recklessly!
You are too injured to fight recklessly!
You are too injured to fight recklessly!
You are too injured to fight recklessly!
You are too injured to fight recklessly!
You are too injured to fight recklessly!
You are too injured to fight recklessly!
Okay, then.
Okay, then.
Okay, then.
Okay, then.
You are confused.
You feel invigorated.
A slime creature comes into view.
The very large slime creature hits you!!!
Ouch! That really hurt!
You die...
Xom thinks this is hilarious!

#.# #.# #.# #.#
#.# #.# #.#
#.#############
#......@J.....J
#.#############
###


You could see a very large slime creature and a slime creature.

Vanquished Creatures
  A two-headed ogre (D:8)
  Amaemon (D:8)
  2 orc knights (Bailey)
  A slime creature (D:9)
  An orange demon (D:8)
  Maggie (D:8)
  Grinder (D:6)
  A hornet (D:9)
  2 yaks (D:9)
  Grum (D:8)
  A steam dragon (D:9)
  Edmund (D:6)
  A water moccasin (D:7)
  7 orc warriors
  2 ice beasts
  A black bear (D:9)
  2 sky beasts
  An ogre (D:5)
  A centaur (D:5)
  4 wolves (D:8)
  A phantom (D:2)
  A bullfrog (D:8)
  2 kobold brigands
  4 scorpions
  A gnoll sergeant (D:9)
  15 wights
  4 howler monkeys
  2 bombardier beetles (D:5)
  4 hounds
  A sleepcap (D:6)
  2 orc priests (D:4)
  A jelly (D:7)
  6 iguanas
  An orc wizard (D:7)
  3 gnolls (D:9)
  3 adders
  2 river rats (Sewer)
  A shadow imp (D:6)
  2 white imps
  2 ribbon worms
  6 dart slugs
  32 orcs
  6 bats
  9 endoplasms
  6 giant cockroaches
  6 goblins
  6 hobgoblins
  10 jackals
  3 quokkas (D:3)
  12 ball pythons
  7 frilled lizards
  16 kobolds
  6 rats
216 creatures vanquished.

Vanquished Creatures (collateral kills)
  A jelly (D:5)
  A goblin (D:1)
2 creatures vanquished.

Grand Total: 218 creatures vanquished

Notes
Turn   | Place    | Note
-------+----------+-------------------------------------------
     0 | D:1      | ezpacito the Demonspawn Chaos Knight began the quest for
                  | the Orb.
     0 | D:1      | Reached XP level 1. HP: 18/18 MP: 1/1
    36 | D:1      | Reached skill level 1 in Dodging
   103 | D:1      | Gained mutation: You are partially covered in rugged brown
                  | scales. (AC +1, +3% HP) [demonic ancestry]
   103 | D:1      | Reached XP level 2. HP: 17/24 MP: 2/2
   145 | D:1      | XOM: silly message
   146 | D:1      | XOM: silly message
   253 | D:1      | Found a faded altar of an unknown god.
   351 | D:1      | Reached XP level 3. HP: 29/29 MP: 4/4
   407 | D:1      | XOM: silly message
   832 | D:2      | Reached skill level 1 in Unarmed Combat
   847 | D:2      | Reached skill level 1 in Spellcasting
   893 | D:2      | XOM: divination: detect items
   911 | D:2      | XOM: divination: detect items
   929 | D:2      | XOM: cloud trail
   964 | D:2      | Noticed a phantom
   992 | D:2      | Killed a phantom
   993 | D:2      | Reached XP level 4. HP: 10/36 MP: 4/6
  1081 | D:2      | XOM: noise
  1146 | D:2      | Reached XP level 5. HP: 42/42 MP: 7/7
  1165 | D:2      | Found Penull's Assorted Antiques.
  1176 | D:2      | Bought a scroll labelled HUDIOXEXZ HORE for 26 gold pieces
  1176 | D:2      | Bought a black potion for 23 gold pieces
  1176 | D:2      | Bought a smoky white potion for 23 gold pieces
  1397 | D:2      | XOM: divination: detect creatures
  1794 | D:3      | Identified a scroll of acquirement
  1794 | D:3      | Acquired a +3 battleaxe of flaming
  1803 | D:3      | XOM: cloud trail
  2018 | D:3      | Found a glowing drain.
  2040 | Sewer    | XOM: noise
  2040 | Sewer    | Entered a sewer
  2051 | Sewer    | Reached skill level 1 in Polearms
  2107 | Sewer    | Reached skill level 1 in Stealth
  2107 | Sewer    | Gained mutation: You have a pair of small horns on your
                  | head. [demonic ancestry]
  2107 | Sewer    | Reached XP level 6. HP: 45/49 MP: 8/8
  2616 | D:3      | XOM: god gift: 45 gold pieces
  2708 | D:3      | XOM: scenery: create altars
  2805 | D:4      | XOM: smoke on damage
  2876 | D:4      | Found Uri Cotou's Assorted Antiques.
  2884 | D:4      | Bought a scroll of teleportation for 51 gold pieces
  2884 | D:4      | Bought a scroll labelled YVVEAD ADEUPU for 17 gold pieces
  2884 | D:4      | Bought a fizzy green potion for 15 gold pieces
  2884 | D:4      | Bought a scroll of identify for 34 gold pieces
  2931 | D:4      | XOM: cloud trail
  3041 | D:4      | XOM: god gift: scroll of teleportation
  3043 | D:4      | XOM: stat loss: -1 Str (13/14)
  3065 | D:4      | Found a staircase to the Ecumenical Temple.
  3128 | D:4      | Reached skill level 4 in Fighting
  3128 | D:4      | Reached skill level 1 in Throwing
  3131 | D:4      | Identified the +4 spear of Trauma {venom, ^Contam rPois
                  | rCorr Stlth+}
  3250 | D:4      | XOM: give mutation
  3250 | D:4      | Gained mutation: You are robust. (+10% HP) [Xom's grace]
  3274 | D:4      | Found a radiant altar of Vehumet.
  3393 | D:5      | Entered Level 5 of the Dungeon
  3473 | D:5      | Gained mutation: You are mostly covered in rugged brown
                  | scales. (AC +2, +5% HP) [demonic ancestry]
  3473 | D:5      | Reached XP level 7. HP: 54/62 MP: 10/10
  3480 | D:5      | XOM: silly message
  3745 | D:5      | XOM: summons friendly quasit
  3761 | D:5      | XOM: polymorph quasit -> orange demon
  3798 | D:5      | Found a sparkling altar of Nemelex Xobeh.
  3852 | D:5      | Reached XP level 8. HP: 62/70 MP: 12/12
  4251 | D:5      | Acquired the +9 demon trident "Uqesetzawk" {drain, Int+3
                  | Dex+5 SInv}
  4333 | D:6      | XOM: silly message
  4472 | D:6      | Noticed Grinder
  4482 | D:6      | Killed Grinder
  4570 | D:6      | XOM: 2-stop teleportation journey
  4676 | D:6      | Reached skill level 5 in Fighting
  4790 | D:6      | XOM: summons 4 hostile demons
  4882 | D:6      | Noticed Edmund
  4885 | D:6      | XOM: chaos upgrade
  4892 | D:6      | Killed Edmund
  4938 | D:6      | Found a hide-covered altar of Uskayaw.
  4996 | D:7      | Found a flagged portal.
  5051 | D:7      | XOM: give mutation
  5051 | D:7      | Gained mutation: Your mind is acute. (Int +4, Str/Dex -1)
                  | [Xom's mischief]
  5055 | Bailey   | Entered a bailey
  5066 | Bailey   | XOM: summons 5 hostile demons
  5149 | Bailey   | Reached skill level 1 in Shields
  5215 | Bailey   | Gained mutation: Spells you cast may paralyse adjacent
                  | enemies. [demonic ancestry]
  5215 | Bailey   | Reached XP level 9. HP: 78/78 MP: 14/14
  5312 | Bailey   | Identified the +4 quarterstaff of the Tiger {heavy, rC+
                  | Str+3 Int+2}
  5322 | Bailey   | Identified the +3 ice dragon scales of Tittoim {rF- rC++
                  | Str+3 Slay+5}
  5340 | Bailey   | Noticed an orc knight
  5341 | Bailey   | Noticed an orc knight
  5352 | Bailey   | XOM: divination: magic mapping
  5364 | Bailey   | Killed an orc knight
  5365 | Bailey   | Reached skill level 5 in Axes
  5383 | Bailey   | XOM: divination: detect items
  5398 | Bailey   | Killed an orc knight
  5452 | Bailey   | XOM: summons 5 hostile demons
  5700 | D:7      | XOM: noise
  5706 | D:7      | Reached skill level 6 in Fighting
  5832 | D:7      | Reached skill level 5 in Armour
  5984 | D:7      | XOM: 3-stop teleportation journey
  6026 | D:7      | XOM: enchant monster (bad)
  6027 | D:7      | XOM: potion effect (invisibility)
  6235 | D:7      | XOM: divination: detect items
  6438 | D:8      | XOM: divination: magic mapping
  6440 | D:8      | Reached XP level 10. HP: 86/87 MP: 15/17
  6458 | D:8      | Noticed an orange demon
  6458 | D:8      | Noticed Amaemon
  6459 | D:8      | XOM: potion effect (brilliance)
  6471 | D:8      | XOM: potion effect (brilliance)
  6473 | D:8      | Killed Amaemon
  6478 | D:8      | Killed an orange demon
  6507 | D:8      | Noticed Grum
  6516 | D:8      | Reached skill level 5 in Spellcasting
  6520 | D:8      | Reached skill level 5 in Unarmed Combat
  6522 | D:8      | Killed Grum
  6568 | D:8      | Noticed Maggie
  6574 | D:8      | Killed Maggie
  6652 | D:8      | Noticed a two-headed ogre
  6655 | D:8      | XOM: potion effect (attraction)
  6658 | D:8      | Killed a two-headed ogre
  6841 | D:8      | Learned a level 1 spell: Magic Dart
  6844 | D:8      | Learned a level 2 spell: Searing Ray
  6848 | D:8      | Learned a level 3 spell: Tukima's Dance
  6853 | D:8      | Learned a level 4 spell: Fulminant Prism
  6858 | D:8      | Learned a level 4 spell: Passage of Golubria
  6864 | D:8      | Learned a level 5 spell: Yara's Violent Unravelling
  7047 | D:9      | Paralysed by a hornet for 2 turns
  7049 | D:9      | XOM: confuse monster(s)
  7053 | D:9      | Reached skill level 7 in Fighting
  7178 | D:9      | XOM: noise
  7234 | D:9      | Gained mutation: You have a pair of horns on your head.
                  | [demonic ancestry]
  7234 | D:9      | Reached XP level 11. HP: 90/96 MP: 19/19
  7248 | D:9      | Annihilated by a very large slime creature

Illustrated notes

Levels and vault maps discovered:
D:1:      denvon_arrival_planthouse, layout_rooms,
          shapermc_ecumenical_altar_mp_ritualfount, interstate_on_off
D:2:      layout_loops_ring, serial_shops, nicolae_shop_stone, kennysheep_donut,
          hex_medium, kennysheep_cross_bottleneck, kennysheep_generic_room_10
D:3:      layout_loops_ring, gup_sewer_entry_pipe
D:4:      layout_basic, mainiacjoe_overflow_surrounded_room,
          minmay_temple_entry_antechambers, serial_shops,
          nicolae_shop_overgrown_old_shop
D:5:      layout_loops_ring, nemelex_diamond_rough_becter,
          kennysheep_little_box, roderic_lattice_a, grunt_ministairs_14,
          st_stairs_13
D:6:      layout_gridville, nicolae_uskayaw_suspiria, uniq_edmund, uniq_grinder
D:7:      layout_gridville, enter_bailey_2
D:8:      layout_rooms, uniq_amaemon, uniq_maggie, uniq_grum
D:9:      layout_basic, hellmonk_sif_muna_bookshelves, trog_ov_bears_minmay,
          hiddenorc2_lemuel, serial_shops, kennysheep_mini_moat

Skill      XL: |  1  2  3  4  5  6  7  8  9 10 |
---------------+-------------------------------+-----
Dodging        | 1 2 3 4 |  4.4
Armour         | 2 3 4 5 6 |  6.1
Unarmed Combat | 1 2 3 4 5 |  5.5
Spellcasting   | 1 2 3 4 5 |  5.5
Axes           | 3 4 5 6 |  6.3
Polearms       | 1 2 3 |  3.5
Stealth        | 1 2 3 4 |  4.0
Fighting       | 4 5 6 7 |  7.0
Throwing       | 1 2 3 |  3.4
Shields        | 1 2 |  2.8
Conjurations   | |  0.5
Hexes          | |  0.5
Alchemy        | |  0.4
Evocations     | |  0.5

Action                     |  1- 3 |  4- 6 |  7- 9 | 10-12 || total
---------------------------+-------+-------+-------+-------++-------
  Melee: Hand axe          |   122 |    98 |       |       ||   220
         Battleaxe         |       |    84 |    33 |       ||   117
         Headbutt          |       |    13 |    22 |    21 ||    56
         Demon trident     |       |       |   196 |   114 ||   310
  Throw: Dart              |       |       |    11 |       ||    11
         Javelin           |       |       |     3 |     3 ||     6
    Use: Scroll            |       |    13 |     7 |       ||    20
         Potion            |       |     4 |     9 |     1 ||    14
   Stab: Confused          |     3 |       |       |       ||     3
         Distracted        |     1 |       |       |       ||     1
         Invisible         |       |       |     3 |       ||     3
         Sleeping          |       |       |     2 |       ||     2
 Armour: Leather armour    |    49 |       |       |       ||    49
         Ring mail         |    39 |   151 |    42 |       ||   232
         Chain mail        |       |       |    91 |       ||    91
         Ice dragon scales |       |       |    46 |    66 ||   112
  Dodge: Dodged            |    82 |   150 |   123 |    70 ||   425
  Block: Buckler           |       |    12 |    54 |    21 ||    87

Table legend: (Time is in decaauts)
 A = Elapsed time spent in this place.
 B = Non-inter-level travel time spent in this place.
 C = Inter-level travel time spent in this place.
 D = Time resting spent in this place.
 E = Time spent auto-exploring this place.
 F = Levels seen in this place.
 G = Mean time per level.
                   A        B        C        D        E       F      G
               +--------+--------+--------+--------+--------+-----+--------+
         Total |   7470 |   7084 |    386 |     68 |   5181 |  11 |  679.1 |
       Dungeon |   6702 |   6316 |    386 |     45 |   4824 |   9 |  744.7 |
         Sewer |    257 |    257 |      0 |      0 |    143 |   1 |  257.0 |
        Bailey |    510 |    510 |      0 |     23 |    213 |   1 |  510.0 |
               +--------+--------+--------+--------+--------+-----+--------+

Top non-repeatable levels by time:
     D:2: 976 daAuts
     D:7: 971 daAuts
     D:5: 920 daAuts
     D:3: 905 daAuts
     D:1: 781 daAuts
     D:6: 700 daAuts
     D:4: 618 daAuts
     D:8: 600 daAuts
  Bailey: 510 daAuts
   Sewer: 257 daAuts
     D:9: 227 daAuts
